 Dungeon Crawl Stone Soup version 0.31.0-9-g3a7656b989 (webtiles) character file.

Game seed: 8152240614194070004

65 CaptainMV the Cutter (level 3, -1/26 HPs)
             Began as a Demonspawn Wanderer on Feb 2, 2024.
             Succumbed to an orc's poison
             ... on level 3 of the Dungeon.
             The game lasted 00:11:20 (1182 turns).

CaptainMV the Cutter (Demonspawn Wanderer)          Turns: 1182, Time: 00:11:26

Health: -1/26      AC:  4    Str: 14    XL:     3   Next: 92%
Magic:  4/4        EV: 11    Int: 13    God:
Gold:   133        SH:  4    Dex: 19    Spells: 3/4 levels left

rFire   . . .        b - +2 spear of the Ubiquitous God {spect, rPois Int+5 Dex+3 Stlth+}
rCold   . . .        (no shield)
rNeg    . . .        f - +0 leather armour
rPois   +            (no helmet)
rElec   .            j - +0 cloak
rCorr   .            (no gloves)
SInv    .            (no boots)
Will    .....        h - amulet of regeneration
Stlth   +++          (no ring)
HPRegen 1.04/turn    (no ring)
MPRegen 0.09/turn

%: no passive effects
@: lethally poisoned (-1 -> -8)
A: condensation shield
a: no special abilities


You were on level 3 of the Dungeon.
You visited 1 branch of the dungeon, and saw 3 of its levels.

You collected 133 gold pieces.

Inventory:

Hand Weapons
 a - a +2 dagger
 b - the +2 spear of the Ubiquitous God (weapon) {spect, rPois Int+5 Dex+3 Stlth+}
   (You found it on level 2 of the Dungeon)

   Int+5:     It affects your intelligence (+5).
   Dex+3:     It affects your dexterity (+3).
   rPois:     It protects you from poison Stlth+: It makes you more stealthy.
 c - a +0 short sword
 r - a +0 sling
Missiles
 g - 3 curare-tipped darts (quivered)
 m - 9 poisoned darts
Armour
 f - a +0 leather armour (worn)
 j - a +0 cloak (worn)
Jewellery
 h - an amulet of regeneration (around neck)
 s - a ring of protection from fire
Wands
 d - a wand of flame (7)
Scrolls
 k - 2 scrolls of revelation
 n - 2 scrolls of blinking
 q - a scroll of fear
Potions
 i - a potion of enlightenment
 o - a potion of haste


   Skills:
 + Level 1.1 Fighting
 + Level 3.3 Short Blades
 + Level 0.2 Polearms
 + Level 0.4 Ranged Weapons
 + Level 3.0 Throwing
 + Level 1.1 Armour
 + Level 0.4 Dodging
 + Level 0.3 Stealth
 + Level 0.1 Shields
 + Level 1.0 Spellcasting
 * Level 2.2 Evocations


You had 3 spell levels left.
You knew the following spells:

 Your Spells              Type           Power      Damage    Failure   Level
a - Sandblast             Erth           0%         2d4       34%         1

Your spell library contained the following spells:

 Spells                   Type           Power      Damage    Failure   Level
 Lesser Beckoning         Tloc           0%         N/A       45%         2
 Gell's Gravitas          Tloc           0%         N/A       71%         3
 Passwall                 Erth           0%         N/A       71%         3
 Stone Arrow              Conj/Erth      0%         3d7       71%         3
 Teleport Other           Tloc           0%         N/A       71%         3
 Brom's Barrelling Bould  Conj/Erth      0%         2d3       98%         4


Dungeon Overview and Level Annotations

Branches:
Dungeon (3/15)

Altars:
Xom


Innate Abilities, Weirdness & Mutations

A meltable shield of frost defends you. (SH +4)


Message History

The orc completely misses you. You block the orc's attack.
You climb upwards.
There is a stone staircase leading down here.
The orc closely misses you. The orc hits you but does no damage. x2
The orc misses you.
You climb downwards.
There is a stone staircase leading up here.
As you read the scroll of teleportation, it crumbles to dust.
You feel strangely unstable. The orc hits you with a +0 club.
The orc hits you but does no damage. You block the orc's attack.
The orc hits you but does no damage.
You completely miss the ribbon worm. The orc hits you with a +0 dagger.
The orc barely misses you. You block the orc's attack.
The orc completely misses you.
You hit the ribbon worm. Your punch misses the ribbon worm.
The ribbon worm is moderately wounded.
The ribbon worm bites you. The orc misses you. You block the orc's attack.
The orc barely misses you. The orc closely misses you.
You hit the ribbon worm.
The ribbon worm is heavily wounded.
The ribbon worm bites you. The orc barely misses you.
The orc hits you with a +2 flail of venom!
You are lethally poisoned!
The orc barely misses you. The orc hits you with a +0 club.
* * * LOW HITPOINT WARNING * * *
You turn into a tree.
Your +0 cloak melds into your body.
Your +0 leather armour melds into your body.
Your roots penetrate the ground.
You feel strangely stable.
* * * LOW HITPOINT WARNING * * *
You feel very sick.
The orc hits you but does no damage. x2; The ribbon worm bites you.
* * * LOW HITPOINT WARNING * * *
The orc barely misses you. The orc hits you but does no damage.
It was a potion of cancellation.
Your magical effects are unravelling.
You feel magically purged.
You feel less wooden.
Your +0 cloak unmelds from your body.
Your +0 leather armour unmelds from your body.
You die...

## # ##.##
## .. ....
.#
#.#...#.#
#......###
#.......
.###..woo#
......o@o#
####..####
#. #


You could see a ribbon worm and 4 orcs.

Vanquished Creatures
  3 adders (D:2)
  A dart slug (D:2)
  A ribbon worm (D:2)
  An orc (D:2)
  4 ball pythons
  An endoplasm (D:2)
  A giant cockroach (D:2)
  3 goblins (D:2)
  5 hobgoblins
  6 bats
  4 kobolds
  4 rats
34 creatures vanquished.

Notes
Turn   | Place    | Note
-------+----------+-------------------------------------------
     0 | D:1      | CaptainMV the Demonspawn Wanderer began the quest for the
                  | Orb.
     0 | D:1      | CaptainMV set off with the following items: a +2 dagger, 3
                  | curare-tipped darts, a +0 short sword, a wand of flame (7),
                  | a potion of lignification, a +0 leather armour.
     0 | D:1      | Reached XP level 1. HP: 15/15 MP: 2/2
   139 | D:1      | Gained mutation: A meltable shield of frost defends you.
                  | (SH +4) [demonic ancestry]
   139 | D:1      | Reached XP level 2. HP: 21/21 MP: 3/3
   734 | D:2      | Reached XP level 3. HP: 22/26 MP: 4/4
   845 | D:2      | Reached skill level 1 in Armour
   857 | D:2      | Identified the +2 spear of the Ubiquitous God {spect, rPois
                  | Int+5 Dex+3 Stlth+}
  1027 | D:2      | Learned a level 1 spell: Sandblast
  1036 | D:2      | Found a shimmering altar of Xom.
  1181 | D:3      | HP: 1/39 [ribbon worm (5)]
  1182 | D:3      | Succumbed to an orc's poison

Illustrated notes

Levels and vault maps discovered:
D:1:      heliophobic_arrival_battle_scene, layout_basic
D:2:      cheibrodos_helix_gallery, layout_loops_ring, basic_altar
D:3:      layout_loops_corners, lemuel_zombie_altar_yredelemnul,
          mainiacjoe_overflow_alcove_4, lemuel_coloured_pillars_altar,
          chequers_serial_rivers_large_a

Skill      XL: |  1  2  3 |
---------------+----------+-----
Short Blades   | 3 |  3.3
Throwing       | 3 |  3.0
Armour         | 1 |  1.1
Fighting       | |  1.1
Polearms       | |  0.2
Ranged Weapons | |  0.4
Dodging        | |  0.4
Stealth        | |  0.3
Shields        | |  0.1
Spellcasting   | |  1.0
Evocations     | |  2.2

Action                     || total
---------------------------++-------
  Melee: Dagger            ||    91
         Spear             ||    29
   Fire: Sling             ||    12
    Use: Scroll            ||     8
         Potion            ||     2
   Stab: Sleeping          ||     1
 Armour: Leather armour    ||   115
         Skin              ||     4
  Dodge: Dodged            ||    86
  Block: Other             ||    20
